 Dungeon Crawl Stone Soup version 0.20-a0-303-g575bbf7 (webtiles) character file.

1183 Faca the Chopper (level 8, -4/62 HPs)
             Began as a Formicid Fighter on Dec 17, 2016.
             Slain by Duvessa
             ... wielding a +0 short sword
              (7 damage)
             ... on level 5 of the Dungeon.
             The game lasted 00:13:59 (3835 turns).

Faca the Chopper (Formicid Fighter)                 Turns: 3835, Time: 00:14:00

Health: -4/62      AC: 13    Str: 22      XL:     8   Next: 70%
Magic:  8/8        EV: 10    Int:  4      God:
Gold:   348        SH: 10    Dex:  6 (8)  Spells: 7/7 levels left

rFire  . . .     SeeInvis +     a - +1 war axe
rCold  . . .     Gourm    .     i - +0 chain mail
rNeg   + . .     Faith    .     c - +0 shield
rPois  .         Spirit   .     (helmet unavailable)
rElec  .         Reflect  .     (no cloak)
rCorr  .         Harm     .     e - +2 pair of gloves
MR     .....                    (no boots)
Stlth  ..........               (no amulet)
                                d - +3 ring of evasion
                                g - ring of positive energy

@: mighty, lethally poisoned (-4 -> -7)
A: permanent stasis, dig shafts and tunnels, four strong arms, antennae 3,
blurry vision 3, clumsy 2, deterioration 2, dopey 2, weak 2, no device heal 2,
subdued magic 3, MP-powered wands
a: Dig, Shaft Self


You were on level 5 of the Dungeon.
You were hungry.

You visited 1 branch of the dungeon, and saw 5 of its levels.
You visited the Abyss 1 time.
You also visited: Ossuary.

You collected 348 gold pieces.

Inventory:

Hand Weapons
 a - a +1 war axe (weapon)
 v - a +0 morningstar of distortion
Armour
 c - a +0 shield (worn)
 e - a +2 pair of gloves (worn)
 i - a +0 chain mail (worn)
 x - a +0 pair of boots
Jewellery
 d - a +3 ring of evasion (right hand)
 g - a ring of positive energy (left hand)
Wands
 k - a wand of acid (3/15)
Scrolls
 b - 2 scrolls of remove curse
 s - 2 scrolls of recharging
Potions
 h - a potion of flight
 j - 2 potions of heal wounds {unknown}
 l - a potion of cure mutation
 m - 2 potions of mutation {unknown}
 n - a potion of ambrosia
 o - 3 potions of curing {unknown}
 p - a potion of brilliance
 q - a potion of might
 r - 2 potions of agility {unknown}
 t - 3 potions of lignification {unknown}
 u - a potion of resistance {unknown}
Comestibles
 f - 2 bread rations


   Skills:
 + Level 5.1 Fighting
 + Level 6.6(6.7) Axes
 + Level 1.3(4.3) Maces & Flails
 + Level 5.8 Armour
 + Level 1.2 Dodging
 + Level 6.0 Shields
   Level 0.2 Invocations


You had 7 spell levels left.
You didn't know any spells.

Dungeon Overview and Level Annotations

Branches:
Dungeon (5/15)
 Temple: D:4-7

Altars:
Ashenzari
Dithmenos
Fedhas

Shops:
D:4 [

Annotations:
D:5 Duvessa


Innate Abilities, Weirdness & Mutations

You cannot be hasted, slowed, berserked, paralysed or teleported.
You can dig through walls and to a lower floor.
Your four strong arms can wield two-handed weapons with a shield.
You have a pair of large antennae on your head. (SInv)
[Scrolls take you much longer to read.]
[You are very clumsy. (Dex -4)]
[Your body often deteriorates upon taking damage.]
[You are very dopey. (Int -4)]
[You are very weak. (Str -4)]
[Potions and wands are poor at restoring your health.]
[Your spells are much easier to cast, but much less powerful.]
[You expend magic power (3 MP) to strengthen your wands.]


Message History

The quasit claws you but does no damage.
Duvessa hits you with a short sword.
* * * LOW HITPOINT WARNING * * *
The quasit barely misses you.
The quasit claws you but does no damage.
You block the quasit's attack.
You slash the quasit!
The quasit is severely wounded.
You hit Duvessa. You block Duvessa's attack. The quasit misses you.
The quasit closely misses you.
The quasit claws you but does no damage.
Duvessa barely misses you.
You closely miss the quasit.
The quasit is severely wounded.
You barely miss Duvessa.
* * * LOW HITPOINT WARNING * * *
You feel sick. You block Duvessa's attack. You block the quasit's attack.
The quasit claws you but does no damage.
The quasit closely misses you. Duvessa hits you with a short sword!
You die...

...........###
.............##
.............#
#...........#
#..........#
#.........# #
##.5eh.....# .#
#)..@......#
..#
##..####....#
#.# #..## .##
#.# #..# ###.#
#.## ##..# #.#
#.<.# ##.#
#..## ##..#
#..######...#


You could see Duvessa (berserk), a hound and a quasit.

Vanquished Creatures
  The ghost of Aaeron the Shield-Bearer, a novice FoFi (D:3)
  Grinder (D:5)
  Menkaure (D:5)
  A phantom (D:4)
  A bullfrog (D:4)
  2 water moccasin zombies (Ossuary)
  Dowan (D:5)
  A hound (D:4)
  A worker ant (D:4)
  Jessica (D:2)
  A big kobold zombie (Ossuary)
  3 mummies
  2 adders (D:3)
  A gnoll (D:1)
  2 oozes
  6 adder zombies (Ossuary)
  A worm (D:3)
  A dart slug (D:1)
  7 leopard geckos
  2 orcs
  A ball python (D:5)
  A giant cockroach (D:3)
  4 gnoll zombies (Ossuary)
  4 hobgoblins
  6 jackals
  A quokka (D:2)
  5 bats
  5 frilled lizards
  4 goblins
  10 hobgoblin zombies (Ossuary)
  2 kobolds
  3 kobold zombies (Ossuary)
  A leopard gecko zombie (D:5)
  6 orc zombies (Ossuary)
  7 rats
97 creatures vanquished.

Notes
Turn   | Place    | Note
-------+----------+-------------------------------------------
     0 | D:1      | Faca the Formicid Fighter began the quest for the Orb.
     0 | D:1      | Reached XP level 1. HP: 18/18 MP: 1/1
    10 | D:1      | Noticed a minotaur skeleton
    72 | D:1      | Reached XP level 2. HP: 24/24 MP: 2/2
   236 | D:1      | Reached XP level 3. HP: 30/30 MP: 3/3
   954 | D:2      | Noticed Jessica
   956 | D:2      | Killed Jessica
   956 | D:2      | Reached XP level 4. HP: 37/37 MP: 4/4
  1377 | D:2      | Found a shattered altar of Ashenzari.
  1511 | D:3      | Noticed Aaeron's ghost (novice FoFi)
  1527 | D:3      | Killed Aaeron's ghost
  1527 | D:3      | Reached skill level 5 in Shields
  1527 | D:3      | Reached XP level 5. HP: 3/43 MP: 5/5
  1527 | D:3      | Reached XP level 6. HP: 4/49 MP: 6/6
  1527 | D:3      | Reached XP level 7. HP: 4/55 MP: 7/7
  1949 | D:3      | Found a blossoming altar of Fedhas.
  2474 | D:4      | Reached skill level 5 in Armour
  2564 | D:4      | Found Zirr's Armour Emporium.
  2619 | D:4      | Found a sand-covered staircase.
  2628 | Ossuary  | Entered an ossuary
  2686 | Ossuary  | Reached skill level 5 in Axes
  3157 | D:4      | Reached XP level 8. HP: 61/61 MP: 8/8
  3183 | D:4      | Found a shadowy altar of Dithmenos.
  3356 | D:4      | Cast into level 2 of the Abyss (a distortion unwield)
  3459 | Abyss:3  | Noticed a wretched star
  3473 | Abyss:3  | Found a corrupted altar of Lugonu.
  3481 | Abyss:3  | Became a worshipper of Lugonu the Unformed
  3481 | Abyss:3  | Reached * piety under Lugonu
  3484 | Abyss:3  | Noticed a spatial maelstrom
  3489 | D:4      | Escaped the Abyss
  3697 | D:4      | Reached skill level 1 in Dodging
  3708 | D:5      | Entered Level 5 of the Dungeon
  3786 | D:5      | Noticed Menkaure
  3790 | D:5      | Killed Menkaure
  3794 | D:5      | Noticed Grinder
  3798 | D:5      | Noticed Dowan
  3810 | D:5      | Killed Grinder
  3810 | D:5      | Reached skill level 5 in Fighting
  3810 | D:5      | Reached skill level 1 in Maces & Flails
  3813 | D:5      | Noticed Duvessa
  3822 | D:5      | Killed Dowan
  3829 | D:5      | Fell from the grace of Lugonu
  3835 | D:5      | HP: 3/62 [poisoned by Dowan]
  3835 | D:5      | Slain by Duvessa

Vault maps used:
D:1:      shiori_arrival_whats_in_store_for_you, minmay_misc_feat_tower
D:2:      marbit_many_paths, first_bread, uniq_jessica
D:3:      cheibrodos_helix_gallery, fedhas_altar_fruit_tree
D:4:      grunt_dithmenos_shadows, serial_shops, nicolae_shop_behind_doors,
          gup_ossuary_entry_pyramid
D:5:      elyvilon_altar_1, uniq_edmund, uniq_duvessa, uniq_menkaure,
          uniq_grinder
Abyss:3:  evilmike_abyss_exit_2
Ossuary:  ossuary_tomb_2

Skill      XL: |  1  2  3  4  5  6  7  8 |
---------------+-------------------------+-----
Armour         | 4 5 |  5.8
Shields        | 4 5 6 |  6.0
Fighting       | 4 5 |  5.1
Axes           | 4 5 6 |  6.6
Dodging        | 1 |  1.2
Maces & Flails | 1 |  1.3
Invocations    | |  0.2

Action                   |  1- 3 |  4- 6 |  7- 9 || total
-------------------------+-------+-------+-------++-------
Melee: War axe           |    55 |    52 |   199 ||   306
       Morningstar       |       |       |    19 ||    19
Invok: Depart the Abyss  |       |       |     1 ||     1
       Renounce Religion |       |       |     1 ||     1
  Use: Scroll            |     7 |       |    10 ||    17
       Potion            |       |     1 |     1 ||     2
  Eat: Bread ration      |       |     1 |       ||     1
       Fruit             |       |       |     4 ||     4
       Pizza             |       |       |     1 ||     1
Armor: Scale mail        |     6 |       |       ||     6
       Chain mail        |    26 |    22 |   106 ||   154
Dodge: Dodged            |    13 |    19 |   110 ||   142
Block: Shield            |    32 |    32 |   121 ||   185
